 Dungeon Crawl Stone Soup version 0.26-a0-672-g1df16c3386 (webtiles) character file.

Game seed: 15749424738242407939

7031 marklar909 the Basher (level 11, -4/84 HPs)
             Began as a Formicid Abyssal Knight on Oct 19, 2020.
             Was a High Priest of Lugonu.
             Slain by a gargoyle
             ... wielding a +0 flail
              (21 damage)
             ... on level 11 of the Dungeon.
             The game lasted 00:20:58 (14990 turns).

marklar909 the Basher (Formicid Abyssal Knight)    Turns: 14990, Time: 00:20:59

Health: -4/84      AC: 11    Str: 20    XL:     11   Next: 29%
Magic:  26/26      EV: 13    Int: 14    God:    Lugonu [*****.]
Gold:   423        SH:  6    Dex: 16    Spells: 10/10 levels left

rFire    . . .     SeeInvis +   J - +5 mace "Vot Guw" {freeze, rC+ MP+9}
rCold    + . .     Faith    .   w - +0 buckler
rNeg     + . .     Spirit   .   i - +0 scale mail of the True Pharaoh {Int+2 Dex+3}
rPois    +         Reflect  .   (helmet unavailable)
rElec    .         Harm     .   r - +2 cloak
rCorr    .         Rampage  .   (no gloves)
MR       +....                  y - +0 pair of boots of Claustrophobia {rN+ Dex+3}
Stlth    ++........             (no amulet)
HPRegen  0.24/turn              d - ring of poison resistance
MPRegen  0.20/turn              (no ring)

@: mighty
A: permanent stasis, dig shafts and tunnels, four strong arms, antennae 3
a: Dig, Shaft Self, Depart the Abyss, Bend Space, Banish, Corrupt, Enter the
Abyss, Renounce Religion


You were on level 11 of the Dungeon.
You worshipped Lugonu.
Lugonu was extremely pleased with you.
You visited 1 branch of the dungeon, and saw 11 of its levels.
You visited the Abyss 1 time.

You collected 423 gold pieces.

Inventory:

Hand Weapons
 J - the +5 mace "Vot Guw" (weapon) {freeze, rC+ MP+9}
   (You found it on level 9 of the Dungeon)

   It has been specially enchanted to freeze those struck by it, causing extra
   injury to most foes and up to half again as much damage against particularly
   susceptible opponents.
   It can also slow down cold-blooded creatures.
   It protects you from cold.
   It affects your magic capacity (+9).
Missiles
 A - 12 javelins (quivered)
Armour
 a - the +0 buckler of Qiuwk {rF+ rC- MR+}
   (You found it on level 5 of the Dungeon)

   It protects you from fire.
   It makes you vulnerable to cold.
   It affects your resistance to hostile enchantments.
 i - the +0 scale mail of the True Pharaoh (worn) {Int+2 Dex+3}
   (You found it on level 7 of the Dungeon)

   It affects your intelligence (+2).
   It affects your dexterity (+3).
 r - a +2 cloak (worn)
 s - the +1 pair of boots "Buag" {*Corrode Str+2 Int+2}
   (You found it on level 4 of the Dungeon)

   It affects your strength (+2).
   It affects your intelligence (+2).
   It may corrode you when you take damage.
 w - a +0 buckler (worn)
 y - the +0 pair of boots of Claustrophobia (worn) {rN+ Dex+3}
   (You found it on level 5 of the Dungeon)

   It affects your dexterity (+3).
   It protects you from negative energy.
Jewellery
 d - a ring of poison resistance (left hand)
 l - an uncursed ring of fire
 p - an uncursed amulet of guardian spirit {unknown}
 G - an uncursed amulet of faith {unknown}
 K - an uncursed amulet of magic regeneration {unknown}
 N - an uncursed ring of stealth
 O - an uncursed ring of see invisible {unknown}
Wands
 u - a wand of iceblast (7)
 v - a wand of flame (10)
 x - a wand of enslavement (9)
 D - a wand of disintegration (17)
 I - a wand of random effects (11)
 M - a wand of polymorph (1)
Scrolls
 c - 5 scrolls of remove curse
 g - 4 scrolls of enchant weapon
 k - 2 scrolls of amnesia
 n - 2 scrolls of fog
 o - 3 scrolls of enchant armour
 C - a scroll of immolation
 F - 3 scrolls of identify
 L - a scroll of noise {unknown}
Potions
 e - 3 potions of magic
 f - 2 potions of resistance
 h - 2 potions of brilliance {unknown}
 j - a potion of curing
 m - a potion of invisibility {unknown}
 q - 2 potions of lignification {unknown}
 t - a potion of haste {unknown}
 z - 3 potions of degeneration {unknown}
 B - 4 potions of heal wounds {unknown}
 E - a potion of flight {unknown}
 H - a potion of berserk rage {unknown}


   Skills:
 + Level 7.2 Fighting
 + Level 9.9 Maces & Flails
 + Level 5.2 Armour
 + Level 5.5 Dodging
 + Level 4.7 Stealth
 * Level 7.2 Shields
 + Level 0.4 Unarmed Combat
 * Level 8.2 Invocations


You had 10 spell levels left.
You didn't know any spells.
Your spell library contained the following spells:

 Spells                   Type           Power        Failure   Level
 Animate Skeleton         Necr           #.....       61%         1
 Magic Dart               Conj           #...         61%         1
 Pain                     Necr           #...         61%         1
 Searing Ray              Conj           #.....       75%         2
 Dazzling Flash           Conj/Hex       #.....       93%         3
 Vampiric Draining        Necr           #.........   93%         3
 Animate Dead             Necr           #.........   100%        4
 Fulminant Prism          Conj/Hex       #.........   100%        4
 Iskenderun's Mystic Bla  Conj/Tloc      #.......     100%        4
 Agony                    Necr           #.......     100%        5


Dungeon Overview and Level Annotations

Branches:
Dungeon (11/15)            Temple (0/1) D:5            Lair (0/6) D:8
    Orc (0/2) D:10

Altars:
Cheibriados
Gozag
Hepliaklqana
Kikubaaqudgha
Makhleb
Ru
Sif Muna
Trog
Uskayaw
Vehumet
Yredelemnul
Zin
The Shining One


Innate Abilities, Weirdness & Mutations

You cannot be hasted, slowed, berserked, paralysed or teleported.
You can dig through walls and to a lower floor.
Your four strong arms can wield two-handed weapons with a shield.
You have a pair of large antennae on your head. (SInv)


Message History

You hit the gargoyle but do no damage.
The gargoyle is heavily damaged.
The gargoyle hurls a stone arrow at you.
You block the stone arrow.
You hit the gargoyle but do no damage.
The gargoyle is heavily damaged.
The gargoyle hits you with a +0 flail!
* * * LOW HITPOINT WARNING * * *
You hit the gargoyle but do no damage.
The gargoyle is heavily damaged.
The gargoyle hurls a stone arrow at you.
The stone arrow hits you!
* * * LOW HITPOINT WARNING * * *
Unknown command.
You feel better. The gargoyle barely misses you.
You feel very mighty all of a sudden.
You hit the gargoyle. You freeze the gargoyle.
The gargoyle is heavily damaged.
The gargoyle hits you with a +0 flail!!
You die...

............#......)...
..............._...#...
............).....##..#
............#....). .#
............#####.. .#
...#.....#.....#.# #
#####.######.... ##9#
..# #@.# ^# #.## # #.#
..# #.## #. #. ..


You could see a gargoyle.

Vanquished Creatures
  A gargoyle (D:8)
  A troll (D:11)
  2 wyverns
  6 yaks
  A warg (D:10)
  A soldier ant (D:10)
  3 sky beasts
  A hornet zombie (D:9)
  An ice beast (D:6)
  3 orc warriors
  3 black bears
  2 phantoms
  6 ogres
  2 centaurs
  3 big kobolds
  3 bullfrogs
  5 scorpions
  10 killer bees
  4 wights (D:10)
  5 howler monkeys
  5 hounds
  2 centaur zombies
  Crazy Yiuf (D:2)
  A quasit (D:8)
  A centaur skeleton (D:6)
  3 orc priests
  A bullfrog skeleton (D:4)
  2 gnoll shamans
  9 orc wizards
  Natasha (thrice) (D:3)
  An iguana (D:6)
  10 worker ants
  A hound zombie (D:8)
  3 worker ant zombies
  12 gnolls
  2 howler monkey skeletons
  13 adders
  3 shadow imps
  A white imp (D:7)
  2 ufetubi
  3 worms
  3 dart slugs
  7 leopard geckos
  33 orcs
  4 giant cockroaches
  A goblin (D:1)
  5 hobgoblins
  5 jackals (D:2)
  2 quokkas (D:3)
  5 bats
  9 frilled lizards
  A jackal skeleton (D:7)
  23 kobolds
  A leopard gecko skeleton (D:4)
  A quokka zombie (D:8)
  4 rats
246 creatures vanquished.

Notes
Turn   | Place    | Note
-------+----------+-------------------------------------------
     0 | Abyss:1  | marklar909 the Formicid Abyssal Knight began the quest for
                  | the Orb.
     0 | Abyss:1  | Reached XP level 1. HP: 18/18 MP: 2/2
    64 | Abyss:1  | Noticed a worldbinder
    69 | D:1      | Escaped the Abyss
   355 | D:1      | Reached XP level 2. HP: 24/24 MP: 3/3
   718 | D:1      | Reached * piety under Lugonu
   927 | D:1      | Reached skill level 1 in Dodging
  1272 | D:2      | Found a burning altar of Makhleb.
  1356 | D:2      | Reached XP level 3. HP: 28/30 MP: 4/4
  1752 | D:2      | Found a shimmering blue altar of Sif Muna.
  1779 | D:2      | Reached XP level 4. HP: 25/37 MP: 5/5
  1788 | D:2      | Reached skill level 3 in Maces & Flails
  2294 | D:2      | Found a runed translucent door.
  2295 | D:2      | Noticed Crazy Yiuf
  2780 | D:3      | Reached XP level 5. HP: 40/42 MP: 6/6
  3038 | D:3      | Noticed Natasha
  3049 | D:3      | Killed Natasha
  3432 | D:3      | Noticed a sky beast
  3475 | D:3      | Noticed Natasha
  3573 | D:2      | Killed Crazy Yiuf
  3573 | D:2      | Reached skill level 4 in Maces & Flails
  3789 | D:2      | Killed a sky beast
  3789 | D:2      | Reached skill level 1 in Stealth
  3789 | D:2      | Reached XP level 6. HP: 25/49 MP: 7/7
  4067 | D:3      | Killed Natasha
  4079 | D:3      | Noticed Natasha
  4093 | D:3      | Killed Natasha
  4398 | D:4      | Reached skill level 5 in Maces & Flails
  4768 | D:3      | Reached ** piety under Lugonu
  4768 | D:3      | Reached XP level 7. HP: 39/55 MP: 8/8
  5441 | D:4      | Got a pair of translucent boots
  5442 | D:4      | Identified the +1 pair of boots "Buag" {*Corrode Str+2
                  | Int+2} (You found it on level 4 of the Dungeon)
  5617 | D:4      | Found a radiant altar of Vehumet.
  5838 | D:4      | Reached skill level 6 in Maces & Flails
  5874 | D:4      | Reached XP level 8. HP: 30/61 MP: 10/10
  6340 | D:5      | Entered Level 5 of the Dungeon
  6350 | D:5      | Got a shimmering buckler
  6360 | D:4      | Identified the +0 buckler of Qiuwk {rF+ rC- MR+} (You found
                  | it on level 5 of the Dungeon)
  6552 | D:5      | Found a staircase to the Ecumenical Temple.
  6588 | D:5      | Reached skill level 5 in Fighting
  6899 | D:5      | Got a pair of smoking boots
  7352 | D:5      | Reached skill level 1 in Shields
  7389 | D:5      | Reached skill level 7 in Maces & Flails
  8095 | D:6      | Reached XP level 9. HP: 47/68 MP: 12/12
  8350 | D:6      | Reached *** piety under Lugonu
  9152 | D:6      | Identified the cursed +0 pair of boots of Claustrophobia
                  | {rN+ Dex+3} (You found it on level 5 of the Dungeon)
  9226 | D:7      | Got an amethyst-encrusted scale mail
  9578 | D:6      | Reached skill level 5 in Invocations
 10038 | D:7      | Reached skill level 8 in Maces & Flails
 10955 | D:8      | Found a staircase to the Lair.
 11001 | D:8      | Reached **** piety under Lugonu
 11001 | D:8      | Reached XP level 10. HP: 68/76 MP: 14/14
 11076 | D:8      | Noticed a gargoyle
 11107 | D:8      | Killed a gargoyle
 11107 | D:8      | Reached skill level 5 in Shields
 11599 | D:8      | Found a glowing golden altar of the Shining One.
 11605 | D:8      | Found a snail-covered altar of Cheibriados.
 11609 | D:8      | Found a hide-covered altar of Uskayaw.
 11616 | D:8      | Found an ancient bone altar of Kikubaaqudgha.
 11620 | D:8      | Found an opulent altar of Gozag.
 11627 | D:8      | Found a bloodstained altar of Trog.
 11632 | D:8      | Found a hazy altar of Hepliaklqana.
 11751 | D:8      | Found a glowing silver altar of Zin.
 11772 | D:8      | Reached skill level 5 in Dodging
 11906 | D:9      | Reached skill level 9 in Maces & Flails
 12000 | D:9      | Identified the +0 scale mail of the True Pharaoh {Int+2
                  | Dex+3} (You found it on level 7 of the Dungeon)
 12121 | D:9      | Got a crude mace
 12124 | D:9      | Identified the +5 mace "Vot Guw" {freeze, rC+ MP+9} (You
                  | found it on level 9 of the Dungeon)
 12657 | D:9      | Found a sacrificial altar of Ru.
 12850 | D:10     | Entered Level 10 of the Dungeon
 13010 | D:10     | Found a staircase to the Orcish Mines.
 13464 | D:10     | Reached XP level 11. HP: 65/83 MP: 16/16
 13650 | D:10     | Reached ***** piety under Lugonu
 13961 | D:10     | Reached skill level 5 in Armour
 14312 | D:11     | Found a basalt altar of Yredelemnul.
 14990 | D:11     | Slain by a gargoyle

Illustrated notes

Levels and vault maps discovered:
D:1:      dpeg_arrival_rooms_a, layout_loops_ring
D:2:      layout_basic, lemuel_crystal_altar, lemuel_blue_sif_altar,
          uniq_crazy_yiuf_cottage
D:3:      layout_loops_corners, uniq_natasha
D:4:      layout_loops_ring, minmay_ruined_shrine
D:5:      layout_loops_ring, minmay_temple_entry_mini_moons
D:6:      layout_gridville
D:7:      layout_gridville
D:8:      layout_rooms, zin_statuary, grunt_temple_overflow_octagram,
          lair_entry_dummy, chequers_mini_garden
D:9:      layout_roguey, nicolae_ru_the_path_less_chosen
D:10:     layout_long_grid, david_orc_3
D:11:     layout_rooms, serial_shops, shop, basic_altar,
          nicolae_qazlal_general_emergency, uniq_grum

Skill      XL: |  1  2  3  4  5  6  7  8  9 10 11 |
---------------+----------------------------------+-----
Dodging        | 1 2 3 4 5 |  5.5
Fighting       | 4 5 6 7 |  7.2
Maces & Flails | 3 4 5 6 7 8 9 |  9.9
Stealth        | 1 2 4 |  4.7
Armour         | 3 4 5 |  5.2
Invocations    | 3 4 5 7 8 |  8.2
Shields        | 2 4 6 7 |  7.2
Unarmed Combat | |  0.4

Action                   |  1- 3 |  4- 6 |  7- 9 | 10-12 || total
-------------------------+-------+-------+-------+-------++-------
Melee: Mace              |    94 |   136 |   143 |   262 ||   635
       Flail             |       |       |   310 |   116 ||   426
       Unarmed           |       |       |       |    13 ||    13
Invok: Depart the Abyss  |     1 |       |       |       ||     1
       Bend Space        |       |       |     1 |     9 ||    10
 Abil: Dig               |       |       |     6 |       ||     6
Evoke: Wand              |       |       |     1 |       ||     1
  Use: Scroll            |     6 |     3 |     7 |     5 ||    21
       Potion            |       |       |     2 |     4 ||     6
 Stab: Sleeping          |       |     1 |     9 |     2 ||    12
Armor: Leather armour    |    35 |     1 |       |       ||    36
       Steam dragon scal |       |    31 |   169 |    21 ||   221
       Scale mail        |       |       |       |    86 ||    86
Dodge: Dodged            |    62 |    92 |   369 |   244 ||   767
Block: Buckler           |       |       |    89 |    97 ||   186

Table legend: (Time is in decaauts)
 A = Elapsed time spent in this place.
 B = Non-inter-level travel time spent in this place.
 C = Inter-level travel time spent in this place.
 D = Time resting spent in this place.
 E = Time spent auto-exploring this place.
 F = Levels seen in this place.
 G = Mean time per level.
                   A        B        C        D        E       F      G
               +--------+--------+--------+--------+--------+-----+--------+
         Total |  15062 |  14464 |    598 |   3599 |   8289 |  12 | 1255.2 |
       Dungeon |  14993 |  14395 |    598 |   3599 |   8227 |  11 | 1363.0 |
         Abyss |     69 |     69 |      0 |      0 |     62 |   1 |   69.0 |
               +--------+--------+--------+--------+--------+-----+--------+

Top non-repeatable levels by time:
     D:6: 2081 daAuts
    D:10: 2000 daAuts
     D:4: 1982 daAuts
     D:2: 1917 daAuts
     D:7: 1387 daAuts
     D:3: 1373 daAuts
     D:1: 1203 daAuts
     D:5: 1169 daAuts
     D:9: 977 daAuts
     D:8: 780 daAuts
    D:11: 120 daAuts
 Abyss:1: 69 daAuts
